 Dungeon Sprint DCSS version 0.31-a0-1074-g0b22e4e0f1 (webtiles) character file.

Game seed: 13921093644245165371

1325 tbh1313 the Basher (level 8, -9/79 HPs)
             Began as a Minotaur Berserker on Dec 1, 2023.
             Was a Priest of Trog.
             Mangled by a demonic crawler (11 damage)
             ... in the Dungeon (Sprint I: "Red Sonja").
             The game lasted 00:02:22 (412 turns).

tbh1313 the Basher (Minotaur Berserker)              Turns: 412, Time: 00:02:22

Health: -9/79      AC:  8    Str: 25    XL:     8   Next: 34%
Magic:  7/7        EV: 13    Int:  4    God:    Trog [***...]
Gold:   417        SH:  0    Dex:  9    Spells: 7/7 levels left

rFire   . . .        a - +0 mace
rCold   . . .        (no shield)
rNeg    . . .        j - +0 scale mail
rPois   .            (helmet restricted)
rElec   .            (no cloak)
rCorr   .            (no gloves)
SInv    .            (no boots)
Will    .....        (no amulet) Stlth
                     (no ring)
HPRegen 0.33/turn    (no ring)
MPRegen 0.10/turn

%: no teleportation
@: on berserk cooldown, slowed, very slow
A: horns 2, retaliatory headbutt
a: Renounce Religion, Berserk, Trog's Hand


You were in the Dungeon.
You worshipped Trog.
Trog was most pleased with you.
You visited 1 branch You collected 417 gold pieces.

Inventory:

Hand Weapons
 a - a +0 mace (weapon)
Armour
 j - a +0 scale mail (worn)
 k - a +0 robe
Wands
 i - a wand of charming (11)
Potions
 c - a potion of curing
 d - a potion of heal wounds
 e - a potion of haste
 f - 2 potions of magic
 g - a potion of berserk rage


   Skills:
 - Level 10.0 Fighting
 - Level 14.8 Maces & Flails
 - Level 10.0 Armour
 + Level 9.6 Dodging


You had 7 spell levels left.
You didn't know any spells.
Your spell library was empty.

Dungeon Overview and Level Annotations

Branches:
Dungeon (1/1)

Altars:
Cheibriados
Dithmenos
Elyvilon
Fedhas
Gozag
Hepliaklqana
Kikubaaqudgha
Makhleb
Nemelex Xobeh
Okawaru
Qazlal
Ru
Sif Muna
Trog
Uskayaw
Vehumet
Wu Jian
Xom
Yredelemnul
Zin
The Shining One
Jiyva
Lugonu

Shops:
D =


Innate Abilities, Weirdness & Mutations

You have a pair of horns on your head.
You reflexively headbutt those who attack you in melee.


Message History

The demonic crawler gives a hideous shriek! x4
The demonic crawler hits you! The demonic crawler closely misses you.
The demonic crawler hits you but does no damage.
Okay, then.
Blink to where?
Press: ? - help, Dir - move target
As you read the scroll of blinking, it crumbles to dust.
You close the door, pushing everything out of the way.
You open the door.
You feel less fragile.
You close the door.
The demonic crawler misses you. You furiously retaliate!
You headbutt the demonic crawler!
The demonic crawler hits you but does no damage.
The demonic crawler closely misses you. x2; The demonic crawler hits you. x2
You sock the demonic crawler!
The demonic crawler is moderately wounded.
The demonic crawler barely misses you. x2
The demonic crawler closely misses you.
You completely miss the demonic crawler.
The demonic crawler is lightly wounded.
The demonic crawler hits you. x2; The demonic crawler closely misses you.
You hit the demonic crawler.
The demonic crawler is lightly wounded.
The demonic crawler completely misses you.
The demonic crawler closely misses you. x2; The demonic crawler hits you!
The demonic crawler barely misses you. The demonic crawler hits you!
You're still recovering from your berserk rage.
You hit the demonic crawler but do no damage.
Your headbutt misses the demonic crawler.
The demonic crawler closely misses you. You furiously retaliate!
You headbutt the demonic crawler! The demonic crawler hits you!
* * * LOW HITPOINT WARNING * * *
The demonic crawler hits you!
* * * LOW HITPOINT WARNING * * *
Your two-headed ogre goes berserk!
You can no longer call in reinforcements.
The demonic crawler hits you!
* * * LOW HITPOINT WARNING * * *
The demonic crawler hits you!
You die...

######################
..)..#..'..#__#.@+s..#
..#..'[.#..'..O.s#ss.##+#
####'#####'#__####...'..#
###..#...#(#### #####..+
__####..##[# ##
_____##'#_.+ _.∩...'..._#
_..__##_.#'# _____###+#.#


You could see a demonic crawler (ally target) and a friendly two-headed ogre
(summoned, berserk).

Levels and vault maps discovered:
D:        dungeon_sprint_1 [red_sonja_temple_1, red_sonja_temple_small_1]

Notes
Turn   | Place    | Note
-------+----------+-------------------------------------------
     0 | D        | tbh1313 the Minotaur Berserker began the quest for the Orb.
     0 | D        | Reached XP level 1. HP: 19/19 MP: 0/0
     1 | D        | Noticed Ijyb
    11 | D        | Killed Ijyb
    12 | D        | Reached skill level 8 in Maces & Flails
    12 | D        | Reached XP level 2. HP: 26/26 MP: 1/1
    28 | D        | Noticed an ogre
    33 | D        | Killed an ogre
    34 | D        | Reached skill level 10 in Maces & Flails
    34 | D        | Reached XP level 3. HP: 28/37 MP: 2/2
    34 | D        | Reached XP level 4. HP: 34/44 MP: 3/3
    78 | D        | Noticed Sigmund
    85 | D        | Killed Sigmund
    85 | D        | Reached ** piety under Trog
    86 | D        | Reached skill level 13 in Maces & Flails
    86 | D        | Reached XP level 5. HP: 31/56 MP: 4/4
    86 | D        | Reached XP level 6. HP: 34/62 MP: 5/5
   191 | D        | Found an ornate altar of the Wu Jian Council.
   191 | D        | Found a shimmering blue altar of Sif Muna.
   193 | D        | Found a radiant altar of Vehumet.
   239 | D        | Found Vujuaner's Jewellery Emporium.
   239 | D        | Found an ancient bone altar of Kikubaaqudgha.
   239 | D        | Found a hazy altar of Hepliaklqana.
   239 | D        | Found a stormy altar of Qazlal.
   239 | D        | Found a hide-covered altar of Uskayaw.
   239 | D        | Found a blossoming altar of Fedhas.
   239 | D        | Found a bloodstained altar of Trog.
   239 | D        | Found an iron altar of Okawaru.
   239 | D        | Found a basalt altar of Yredelemnul.
   239 | D        | Found a glowing golden altar of the Shining One.
   239 | D        | Found a snail-covered altar of Cheibriados.
   239 | D        | Found a sacrificial altar of Ru.
   239 | D        | Found a glowing silver altar of Zin.
   239 | D        | Found a shadowy altar of Dithmenos.
   239 | D        | Found a white marble altar of Elyvilon.
   239 | D        | Noticed a yak
   244 | D        | Killed a yak
   245 | D        | Reached skill level 10 in Fighting
   245 | D        | Reached skill level 14 in Maces & Flails
   282 | D        | Found an opulent altar of Gozag.
   283 | D        | Found a sparkling altar of Nemelex Xobeh.
   322 | D        | Found a burning altar of Makhleb.
   322 | D        | Found a viscous altar of Jiyva.
   322 | D        | Found a shimmering altar of Xom.
   322 | D        | Found a corrupted altar of Lugonu.
   322 | D        | Noticed a slime creature
   329 | D        | Killed a slime creature
   330 | D        | Reached XP level 7. HP: 57/72 MP: 6/6
   377 | D        | Noticed a kobold demonologist
   377 | D        | Noticed a glass eye
   377 | D        | Noticed a kobold demonologist
   388 | D        | Killed a glass eye
   388 | D        | Reached *** piety under Trog
   389 | D        | Reached skill level 10 in Armour
   391 | D        | Noticed an orange demon
   392 | D        | Killed a kobold demonologist
   393 | D        | Reached XP level 8. HP: 79/79 MP: 7/7
   396 | D        | Killed a kobold demonologist
   396 | D        | Reached **** piety under Trog
   403 | D        | Noticed a demonic crawler
   403 | D        | Noticed a demonic crawler
   403 | D        | Noticed a demonic crawler
   403 | D        | Noticed a demonic crawler
   412 | D        | HP: 2/79 [demonic crawler (16)]
   412 | D        | Mangled by a demonic crawler

Table legend: (Time is in decaauts)
 A = Elapsed time spent in this place.
 B = Non-inter-level travel time spent in this place.
 C = Inter-level travel time spent in this place.
 D = Time resting spent in this place.
 E = Time spent auto-exploring this place.
 F = Levels seen in this place.
 G = Mean time per level.
                   A        B        C        D        E       F      G
               +--------+--------+--------+--------+--------+-----+--------+
         Total |    415 |    415 |      0 |    119 |    129 |   1 |  415.0 |
       Dungeon |    415 |    415 |      0 |    119 |    129 |   1 |  415.0 |
               +--------+--------+--------+--------+--------+-----+--------+

Top non-repeatable levels by time:
       D: 415 daAuts

Table legend:
 A = Kills in this place as a percentage of kills in the entire game.
 B = Kills by you in this place as a percentage of kills by you in the entire game.
 C = Kills by friends in this place as a percentage of kills by friends in the entire game.
 D = Other kills in this place as a percentage of other kills in the entire game.
 E = Experience gained in this place as a percentage of experience gained in the entire game.
 F = Experience gained in this place divided by the number of levels of this place that you have seen.
                   A       B       C       D       E      F
               +-------+-------+-------+-------+-------+----------------------
         Total | 100.0 | 100.0 |   N/A |   N/A | 100.0 | 1893.0
       Dungeon | 100.0 | 100.0 |   N/A |   N/A | 100.0 | 1893.0
               +-------+-------+-------+-------+-------+----------------------

Action                     |  1- 3 |  4- 6 |  7- 9 || total
---------------------------+-------+-------+-------++-------
  Melee: Mace              |    12 |    20 |    21 ||    53
         Headbutt          |     2 |     2 |     3 ||     7
         Punch             |       |       |     1 ||     1
 Invoke: Berserk           |     1 |       |     1 ||     2
         Brothers in Arms  |       |       |     1 ||     1
    Use: Scroll            |       |       |     1 ||     1
 Armour: Animal skin       |     4 |       |       ||     4
         Scale mail        |     1 |    10 |    22 ||    33
  Dodge: Dodged            |     4 |     3 |    18 ||    25

Vanquished Creatures
  2 kobold demonologists (D)
  A glass eye (D)
  Sigmund (D)
  A slime creature (D)
  A yak (D)
  An ogre (D)
  A jelly (D)
  Ijyb (D)
9 creatures vanquished.
